 Dungeon Crawl Stone Soup version 0.32-a0-699-g1ee5eff69a (webtiles) character file.

Game seed: 10593770054755088659

254 ragingrage the Vexing (level 6, 0/43 HPs)
             Began as a Human Hexslinger on Mar 13, 2024.
             Was a Follower of Nemelex Xobeh.
             Slain by a bullfrog (6 damage)
             ... in a sewer.
             The game lasted 00:04:33 (3083 turns).

ragingrage the Vexing (Human Hexslinger)            Turns: 3083, Time: 00:04:34

Health: 0/43       AC:  4    Str:  7 (9)  XL:     6   Next: 15%
Magic:  7/7        EV:  1    Int: 11 (13) God:    Nemelex Xobeh [*.....]
Gold:   10         SH:  0    Dex: 16 (17) Spells: 2/7 levels left

rFire   . . .        (no weapon)
rCold   . . .        (no shield)
rNeg    . . .        c - +0 robe
rPois   .            (no helmet)
rElec   .            j - +0 cloak
rCorr   .            (no gloves)
SInv    +            e - +0 pair of boots
Will    .....        (no amulet)
Stlth   ++           f - ring of see invisible
HPRegen 0.27/turn    (no ring)
MPRegen 0.10/turn

%: no passive effects
@: attractive, constricted
A: explore regen
a: Renounce Religion, Draw Escape, Draw Destruction, Draw Summoning


You were in a sewer.
You worshipped Nemelex Xobeh.
Nemelex Xobeh was aware of your devotion.
You visited 1 branch of the dungeon, and saw 3 of its levels.
You also visited: Sewer.

You collected 124 gold pieces.
You spent 114 gold pieces at shops.

Inventory:

Hand Weapons
 a - a +2 sling
Armour
 c - a +0 robe (worn)
 e - a +0 pair of boots (worn)
 j - a +0 cloak (worn)
Jewellery
 d - a +4 ring of protection
 f - a ring of see invisible (left hand)
 k - a ring of flight
Scrolls
 b - 4 scrolls of poison
 h - 2 scrolls of enchant weapon
 i - 2 scrolls of blinking
 o - a scroll of immolation {unknown}
 p - 5 scrolls of teleportation
 q - a scroll of fear {unknown}
 s - a scroll of enchant armour {unknown}
Potions
 g - a potion of enlightenment
 n - 2 potions of degeneration
 r - a potion of attraction


   Skills:
 - Level 1.0 Fighting
 + Level 4.4 Ranged Weapons
 - Level 2.0 Dodging
 - Level 2.0 Stealth
 - Level 1.0 Spellcasting
 + Level 4.8 Hexes
 - Level 1.0 Fire Magic


You had 2 spell levels left.
You knew the following spells:

 Your Spells              Type           Power      Damage    Failure   Level
a - Jinxbite              Hex            22%        N/A       7%          2
b - Inner Flame           Hex/Fire       6%         N/A       28%         3

Your spell library contained the following spells:

 Spells                   Type           Power      Damage    Failure   Level
 Sigil of Binding         Hex            11%        N/A       14%         3
 Dazzling Flash           Conj/Hex       10%        N/A       36%         3
 Cause Fear               Hex            5%         N/A       41%         4
 Dimensional Bullseye     Hex/Tloc       2%         N/A       77%         4
 Starburst                Conj/Fire      0%         6d3       100%        6
 Maxwell's Capacitive Co  Air            0%         ∞         100%        8


Dungeon Overview and Level Annotations

Branches:
Dungeon (3/15)              Sewer (1/1)

Altars:
Nemelex Xobeh

Shops:
D:3 *

Annotations:
D:3 Ijyb


Innate Abilities, Weirdness & Mutations

You regain HP and MP as you explore.


Message History

The ball python bites you but does no damage.
The ball python completely misses you.
The bullfrog hits you but does no damage.
The ball python bites you.
* * * LOW HITPOINT WARNING * * *
The ball python constricts you.
It was a potion of attraction.
You feel attractive to monsters. The adder bites you but does no damage.
The ball python bites you but does no damage. x2
The bullfrog hits you but does no damage.
The adder completely misses you. The ball python barely misses you.
The ball python constricts you.
The ball python bites you but does no damage.
It was a potion of resistance.
You feel protected.
The bullfrog hits you but does no damage.
The ball python bites you but does no damage.
The adder bites you but does no damage.
The ball python bites you but does no damage.
The ball python constricts you.
The ball python bites you but does no damage. x2
The bullfrog hits you but does no damage.
It was a potion of cancellation.
Your magical effects are unravelling.
You feel magically purged.
You feel less wooden.
Your +0 cloak unmelds from your body.
Your +0 pair of boots unmelds from your body.
Your +0 robe unmelds from your body.
Your resistance to elements expires.
The adder bites you but does no damage. The ball python bites you.
* * * LOW HITPOINT WARNING * * *
The ball python constricts you.
* * * LOW HITPOINT WARNING * * *
The ball python bites you.
* * * LOW HITPOINT WARNING * * *
The bullfrog hits you.
You die...
Your body disappears without a glow.

# ###########
~~~~~≈≈≈~~#.###
~..~#~~~≈~....##
#~~≈~~~~~SS....#
~≈≈~~~~~~F@....#
≈≈≈≈≈~~~~SS....##
≈≈≈≈≈≈≈≈≈~......#
############....#
####...##
#..#÷÷..#
#..'....#
#####...# ##...##


You could see a bullfrog, an adder and 3 ball pythons.

Vanquished Creatures
  A bullfrog (Sewer)
  9 adders
  2 river rats
  3 dart slugs
  4 ribbon worms (D:2)
  An orc (D:3)
  6 ball pythons
  4 bats
  9 endoplasms
  6 giant cockroaches
  2 goblins
  7 hobgoblins
  A quokka (D:2)
  A frilled lizard (D:3)
  8 kobolds
  22 rats
86 creatures vanquished.

Notes
Turn   | Place    | Note
-------+----------+-------------------------------------------
     0 | D:1      | ragingrage the Human Hexslinger began the quest for the
                  | Orb.
     0 | D:1      | Reached XP level 1. HP: 15/15 MP: 2/2
   247 | D:1      | Reached XP level 2. HP: 21/21 MP: 3/3
   250 | D:1      | Learned a level 2 spell: Jinxbite
   344 | D:1      | Found a faded altar of an unknown god.
   445 | D:1      | Reached skill level 1 in Stealth
   802 | D:1      | Reached XP level 3. HP: 26/26 MP: 4/4
  1180 | D:2      | Found a sparkling altar of Nemelex Xobeh.
  1227 | D:2      | Became a worshipper of Nemelex Xobeh the Trickster
  1280 | D:2      | Reached XP level 4. HP: 32/32 MP: 2/5
  2117 | D:3      | Learned a level 3 spell: Inner Flame
  2282 | D:3      | Found Vofyga's Assorted Antiques.
  2298 | D:3      | Bought 2 murky blue potions for 54 gold pieces
  2298 | D:3      | Bought a scroll labelled RISOOKK XUBI KUCO for 30 gold
                  | pieces
  2298 | D:3      | Bought a scroll labelled LIUNANKABEM for 30 gold pieces
  2320 | D:3      | Noticed Ijyb
  2393 | D:3      | Reached XP level 5. HP: 37/37 MP: 3/6
  2419 | D:3      | Found a glowing drain.
  2426 | Sewer    | Entered a sewer
  2581 | Sewer    | Reached * piety under Nemelex Xobeh
  3074 | Sewer    | Reached XP level 6. HP: 25/43 MP: 7/7
  3083 | Sewer    | Slain by a bullfrog

Illustrated notes

Levels and vault maps discovered:
D:1:      dpeg_chamrin_arrival_tetris, layout_rooms, serial_co_window_serial,
          co_window_paths_a, co_window_paths_a, co_window_paths_a,
          co_window_paths_a, co_window_paths_a, co_window_corner_a,
          co_window_corner_a, co_window_of_opportunity_c, co_window_corner_b,
          co_window_of_opportunity_c, co_window_sun, co_window_4corner_b,
          glass_columns_c, glass_columns_b, shapermc_ecumenical_altar_notcrosses
D:2:      minmay_spotlight, layout_loops_ring, basic_altar, solitary_fountain,
          hangedman_decor_points, kennysheep_generic_room_12
D:3:      layout_loops_ring, serial_shops, nicolae_shop_pleasant_corner_grove,
          lightli_sewer_entry_pipes, uniq_ijyb, uniq_jessica, uniq_grinder
Sewer:    sewer_minmay_w

Skill      XL: |  1  2  3  4  5 |
---------------+----------------+-----
Stealth        | 1 2 |  2.0
Ranged Weapons | 3 4 |  4.4
Hexes          | 4 |  4.8
Fighting       | |  1.0
Dodging        | |  2.0
Spellcasting   | |  1.0
Fire Magic     | |  1.0

Action                     |  1- 3 |  4- 6 || total
---------------------------+-------+-------++-------
  Melee: Unarmed           |       |    17 ||    17
   Fire: Sling             |    98 |   110 ||   208
   Cast: Jinxbite          |     9 |    15 ||    24
    Use: Scroll            |       |     4 ||     4
         Potion            |       |     5 ||     5
 Armour: Robe              |    18 |    47 ||    65
         Skin              |       |   137 ||   137
  Dodge: Dodged            |    22 |    51 ||    73

Table legend: (Time is in decaauts)
 A = Elapsed time spent in this place.
 B = Non-inter-level travel time spent in this place.
 C = Inter-level travel time spent in this place.
 D = Time resting spent in this place.
 E = Time spent auto-exploring this place.
 F = Levels seen in this place.
 G = Mean time per level.
                   A        B        C        D        E       F      G
               +--------+--------+--------+--------+--------+-----+--------+
         Total |   3168 |   3021 |    147 |    453 |   1937 |   4 |  792.0 |
       Dungeon |   2465 |   2318 |    147 |     69 |   1768 |   3 |  821.7 |
         Sewer |    702 |    702 |      0 |    384 |    169 |   1 |  702.0 |
               +--------+--------+--------+--------+--------+-----+--------+

Top non-repeatable levels by time:
     D:2: 1087 daAuts
     D:1: 1030 daAuts
   Sewer: 702 daAuts
     D:3: 347 daAuts
